 Dungeon Crawl Stone Soup version 0.22-a0-377-g846bec1 (webtiles) character file.

67 iamserjio the Charmwright (level 4, -6/33 HPs)
             Began as a Demonspawn Skald on Apr 27, 2018.
             Mangled by an iguana (11 damage)
             ... on level 3 of the Dungeon.
             The game lasted 00:06:12 (2123 turns).

iamserjio the Charmwright (Demonspawn Skald)        Turns: 2123, Time: 00:06:12

Health: -6/33      AC:  3    Str: 12    XL:     4   Next: 0%
Magic:  3/7        EV: 12    Int: 15    God:
Gold:   67         SH:  0    Dex: 16    Spells: 4/7 levels left

rFire    . . .     SeeInvis .   a - +0 mace
rCold    . . .     Gourm    .   (no shield)
rNeg     . . .     Faith    .   b - +0 leather armour
rPois    .         Spirit   .   (helmet restricted)
rElec    .         Reflect  .   (no cloak)
rCorr    .         Harm     .   (no gloves)
MR       .....                  (no boots)
Stlth    +.........             (no amulet)
HPRegen  0.11/turn              h - +4 ring of dexterity
MPRegen  0.10/turn              (no ring)

@: infused
A: antennae 2, rot immunity
a: no special abilities


You were on level 3 of the Dungeon.
You were hungry.

You visited 1 branch of the dungeon, and saw 3 of its levels.

You collected 67 gold pieces.

Inventory:

Hand Weapons
 a - a +0 mace (weapon)
Armour
 b - a +0 leather armour (worn)
 e - a +0 scale mail
Jewellery
 h - a +4 ring of dexterity (left hand)
Scrolls
 c - 4 scrolls of remove curse {unknown}
 f - a scroll of blinking {unknown}
 i - a scroll of teleportation {unknown}
 j - 2 scrolls of enchant armour {unknown}
 l - a scroll of enchant weapon {unknown}
 o - a scroll of magic mapping {unknown}
Potions
 g - 4 potions of curing {unknown}
 m - a potion of lignification {unknown}
 n - a potion of invisibility {unknown}
Comestibles
 d - 4 rations


   Skills:
 - Level 2.0 Fighting
 * Level 2.6 Maces & Flails
 + Level 1.4 Armour
 - Level 1.7 Dodging
 + Level 2.4 Spellcasting
 * Level 3.4 Charms


You had 4 spell levels left.
You knew the following spells:

 Your Spells              Type           Power        Failure   Level  Hunger
a - Infusion              Chrm           ##..         7%          1    #......
b - Shroud of Golubria    Chrm/Tloc      #.........   21%         2    ###....


Dungeon Overview and Level Annotations

Branches:
Dungeon (3/15)

Altars:
Wu Jian


Innate Abilities, Weirdness & Mutations

You have a pair of antennae on your head.
You are immune to rotting.


Message History

You closely miss the iguana. The iguana bites you!
Your shroud falls apart!
You hit the iguana!
The iguana is heavily wounded.
The iguana closely misses you.
You barely miss the iguana.
The iguana is heavily wounded.
The iguana bites you! The iguana completely misses you.
You hit the iguana.
The iguana is severely wounded.
The iguana bites you!
* * * LOW HITPOINT WARNING * * *
You hit the iguana but do no damage.
The iguana is severely wounded.
The iguana barely misses you.
A jackal comes into view.
You barely miss the iguana.
The iguana is severely wounded.
The iguana bites you!
You die...

#.$........#
..h.......#
#........#
####........##
............#
#.$........#
#..........#
#...@l.....#
#..........#
##<.......##
##..(...##
########


You could see an iguana and a jackal.

Vanquished Creatures
  2 adders (D:2)
  An ooze (D:1)
  A worm (D:2)
  A dart slug (D:1)
  2 leopard geckos
  9 bats
  3 giant cockroaches
  A goblin (D:1)
  2 hobgoblins
  2 jackals (D:2)
  A quokka (D:2)
  2 ball pythons
  2 frilled lizards
  5 kobolds
  6 rats
40 creatures vanquished.

Notes
Turn   | Place    | Note
-------+----------+-------------------------------------------
     0 | D:1      | iamserjio the Demonspawn Skald began the quest for the Orb.
     0 | D:1      | Reached XP level 1. HP: 16/16 MP: 3/3
    93 | D:1      | Reached skill level 1 in Armour
   177 | D:1      | Gained mutation: You are immune to rotting. [demonic ancestry]
   177 | D:1      | Reached XP level 2. HP: 18/22 MP: 5/5
   225 | D:1      | Reached skill level 3 in Charms
   287 | D:1      | Learned a level 2 spell: Shroud of Golubria
  1176 | D:2      | Gained mutation: You have a pair of small antennae on your head. [demonic ancestry]
  1176 | D:2      | Reached XP level 3. HP: 27/27 MP: 6/6
  1265 | D:2      | Found a faded altar of an unknown god.
  1493 | D:2      | Found an ornate altar of the Wu Jian Council.
  1899 | D:2      | Gained mutation: You have a pair of antennae on your head. [demonic ancestry]
  1899 | D:2      | Reached XP level 4. HP: 19/33 MP: 7/7
  2123 | D:3      | Mangled by an iguana

Vault maps used:
D:1:      dpeg_arrival_tiny_d
D:2:      lemuel_doored_altar, chequers_ecumenical_altar_island,
          nrook_mini_vaults, kennysheep_generic_room_3

Skill      XL: |  1  2 |
---------------+-------+-----
Armour         | 1 |  1.4
Maces & Flails | 2 |  2.6
Charms         | 3 |  3.4
Fighting       | |  2.0
Dodging        | |  1.7
Spellcasting   | |  2.4

Action                   |  1- 3 |  4- 6 || total
-------------------------+-------+-------++-------
Melee: Mace              |   150 |     7 ||   157
 Cast: Infusion          |     4 |     1 ||     5
       Shroud of Golubri |     5 |     1 ||     6
  Eat: Chunk             |     4 |       ||     4
Armor: Leather armour    |    68 |     2 ||    70
Dodge: Dodged            |   155 |     6 ||   161

Table legend:
 A = Spawn XP
 B = Non-spawn XP
 C = Spawn XP percentage of total XP
 D = Spawn monster count
 E = Non-spawn monster count
 F = Spawn count percentage of total count
 G = Total turns spent on level
                    A         B        C        D         E        F      G
               +---------+---------+-------+---------+---------+-------+---------
         Total |       0 |      97 |   0.0 |       0 |      40 |   0.0 |  2123
               +---------+---------+-------+---------+---------+-------+---------
           D:1 |       0 |      37 |   0.0 |       0 |      19 |   0.0 |  1020
           D:2 |       0 |      60 |   0.0 |       0 |      21 |   0.0 |  1092
               +---------+---------+-------+---------+---------+-------+---------
